 Dungeon Crawl Stone Soup version 0.24-a0-441-g27f0392e16 (webtiles) character file.

Game seed: 4833855949756589924

334 gruber the Conjurer (level 6, -9/45 HPs)
             Began as a Draconian Conjurer on June 19, 2019.
             Mangled by Crazy Yiuf
             ... wielding a +2 quarterstaff of chaos
              (18 damage)
             ... on level 3 of the Dungeon.
             The game lasted 00:03:53 (3154 turns).

gruber the Conjurer (Draconian Conjurer)            Turns: 3154, Time: 00:03:54

Health: -9/45      AC:  7    Str: 10    XL:     6   Next: 27%
Magic:  1/12       EV: 12    Int: 17    God:
Gold:   141        SH:  0    Dex: 12    Spells: 7/13 levels left

rFire    . . .     SeeInvis .   p - +2 rapier (flame)
rCold    + . .     Gourm    .   (no shield)
rNeg     + . .     Faith    .   (armour unavailable)
rPois    .         Spirit   .   f - +1 hat
rElec    .         Reflect  .   (no cloak)
rCorr    .         Harm     .   (no gloves)
MR       .....                  (no boots)
Stlth    ++........             (no amulet)
HPRegen  0.15/turn              a - ring of positive energy
MPRegen  0.13/turn              l - ring of protection from cold

@: lethally poisoned (-9 -> -14)
A: unfitting armour, cold-blooded, AC +6
a: no special abilities


You were on level 3 of the Dungeon.
You were not hungry.

You visited 1 branch of the dungeon, and saw 3 of its levels.

You collected 141 gold pieces.

Inventory:

Hand Weapons
 p - a +2 rapier of flaming (weapon)
Armour
 f - a +1 hat (worn)
Jewellery
 a - a ring of positive energy (left hand)
 l - a ring of protection from cold (right hand)
Wands
 e - a wand of enslavement (8)
Scrolls
 d - 6 scrolls of identify {unknown}
 g - 2 scrolls of remove curse {unknown}
 i - a scroll of fog {unknown}
 j - a scroll of teleportation {unknown}
Potions
 c - a potion of berserk rage
 h - a potion of degeneration {unknown}
 k - a potion of ambrosia {unknown}
 m - 3 potions of might {unknown}
 n - a potion of curing {unknown}
 o - 2 potions of flight {unknown}
Comestibles
 b - 5 rations


   Skills:
 - Level 1.7 Dodging
 - Level 1.7 Stealth
 * Level 4.0 Spellcasting
 + Level 6.5 Conjurations


You had 7 spell levels left.
You knew the following spells:

 Your Spells              Type           Power        Failure   Level  Hunger
a - Magic Dart            Conj           ####         1%          1    None
b - Searing Ray           Conj           ####..       1%          2    ##.....
c - Dazzling Spray        Conj/Hex       ##....       12%         3    ###....

Your spell library contained the following spells:

 Spells                   Type           Power        Failure   Level  Hunger
 Iskenderun's Mystic Bla  Conj           ####....     11%         4    ####...
 Force Lance              Conj/Tloc      ##......     38%         4    ####...
 Fulminant Prism          Conj/Hex       ##........   38%         4    ####...


Dungeon Overview and Level Annotations

Branches:
Dungeon (3/15)

Altars:
Wu Jian
Zin
The Shining One

Annotations:
D:3 Crazy Yiuf


Innate Abilities, Weirdness & Mutations

Your plain brown scales are hard. (AC +6)
You cannot fit into any form of body armour.
You are cold-blooded and may be slowed by cold attacks.


Message History

Unknown command.
Casting: Searing Ray (safe; 1% risk of failure)
Confirm with . or Enter, or press ? or * to list all spells.
Aiming: Dazzling Spray (safe; 12% risk of failure)
Press: ? - help, Shift-Dir - straight line, f/p - Crazy Yiuf
Aim: Crazy Yiuf, wielding a +2 quarterstaff of chaos and wearing a +0 cloak (almost dead, berserk, fast, unusually strong)
The spray of energy misses Crazy Yiuf.
You feel sick. Crazy Yiuf closely misses you.
Unknown command.
Unknown command.
Casting: Dazzling Spray (safe; 12% risk of failure)
Confirm with . or Enter, or press ? or * to list all spells.
Aiming: Dazzling Spray (safe; 12% risk of failure)
Press: ? - help, Shift-Dir - straight line, f/p - Crazy Yiuf
Aim: Crazy Yiuf, wielding a +2 quarterstaff of chaos and wearing a +0 cloak (almost dead, berserk, fast, unusually strong)
The spray of energy hits Crazy Yiuf.
Crazy Yiuf is almost dead.
Crazy Yiuf is dazzled.
You feel sick.
Crazy Yiuf hits you with a +2 quarterstaff of chaos!!
You die...

#.# #.#
##.###.....#
#.# ###
#..........#
#.#
#...........
#.# #####
#.########.#
#.# #..)#
#.# #.# #.#
#...#
#.########.#
#.# ...
#...........
#.# #g#
###....##..#
#.# ♣♣@♣
#....##..#
#.# ♣.♣♣
#....##..#
### ♣♣.♣
#....##..#
♣.♣♣
#....##.##
♣♣.♣♣
###....##.##
♣...♣♣
#...........
♣....♣
#..######...
#....# #..#
###. ##....#
##..# #.


You could see Crazy Yiuf (berserk).

Vanquished Creatures
  An ogre (D:3)
  An orc wizard (D:3)
  An iguana (D:3)
  Natasha (thrice) (D:3)
  6 adders
  2 dart slugs
  4 leopard geckos
  2 orcs (D:3)
  3 bats
  4 giant cockroaches
  8 goblins
  7 hobgoblins
  2 jackals (D:1)
  8 kobolds
  6 frilled lizards
  5 rats
63 creatures vanquished.

Notes
Turn   | Place    | Note
-------+----------+-------------------------------------------
     0 | D:1      | gruber the Draconian Conjurer began the quest for the Orb.
     0 | D:1      | Reached XP level 1. HP: 14/14 MP: 3/3
   143 | D:1      | Reached XP level 2. HP: 9/20 MP: 1/5
  1251 | D:2      | Reached XP level 3. HP: 26/26 MP: 0/6
  1287 | D:2      | Reached skill level 5 in Conjurations
  1291 | D:2      | Learned a level 2 spell: Searing Ray
  1295 | D:2      | Learned a level 3 spell: Dazzling Spray
  1650 | D:2      | Reached XP level 4. HP: 33/33 MP: 0/7
  1847 | D:2      | Found a glowing golden altar of the Shining One.
  2152 | D:3      | Noticed Natasha
  2214 | D:3      | Killed Natasha
  2285 | D:3      | Reached XP level 5. HP: 35/38 MP: 5/9
  2372 | D:3      | Found a runed translucent door.
  2373 | D:3      | Noticed Crazy Yiuf
  2431 | D:3      | Found a faded altar of an unknown god.
  2444 | D:3      | Noticed an ogre
  2455 | D:3      | Killed an ogre
  2455 | D:3      | Reached skill level 6 in Conjurations
  2587 | D:3      | Found a glowing silver altar of Zin.
  2595 | D:3      | Found an ornate altar of the Wu Jian Council.
  2623 | D:3      | Noticed Natasha
  2669 | D:3      | Killed Natasha
  2669 | D:3      | Reached XP level 6. HP: 34/45 MP: 6/11
  3033 | D:3      | Noticed Natasha
  3043 | D:3      | Killed Natasha
  3154 | D:3      | Mangled by Crazy Yiuf

Levels and vault maps discovered:
D:1:      dpeg_arrival_houses_and_road, layout_loops_ring,
          minmay_misc_feat_cross
D:2:      layout_rooms, lemuel_coloured_pillars_altar,
          nicolae_overflow_hidden_temple
D:3:      layout_basic, amethyst_overflow_temple_binary,
          chequers_ecumenical_altar_simple, first_ration, uniq_natasha,
          uniq_crazy_yiuf_cottage

Skill      XL: |  1  2  3  4  5  6 |
---------------+-------------------+-----
Conjurations   | 5 6 |  6.5
Spellcasting   | 3 4 |  4.0
Dodging        | |  1.7
Stealth        | |  1.7

Action                   |  1- 3 |  4- 6 || total
-------------------------+-------+-------++-------
Melee: Unarmed           |    28 |       ||    28
       Tailslap          |     8 |     1 ||     9
       Short sword       |    47 |       ||    47
       Rapier            |       |    23 ||    23
 Cast: Magic Dart        |    61 |    12 ||    73
       Searing Ray       |       |     8 ||     8
       Dazzling Spray    |       |     2 ||     2
 Stab: Sleeping          |       |     4 ||     4
  Eat: Chunk             |     2 |     6 ||     8
Armor: Skin              |    24 |     6 ||    30
Dodge: Dodged            |    56 |    19 ||    75

Table legend:
 A = Non-vault XP
 B = Vault XP
 C = Vault XP percentage of total XP
 D = Non-vault monster count
 E = Vault monster count
 F = Vault count percentage of total count
                 A         B        C        D         E       F
            +---------+---------+-------+---------+---------+-------
      Total |     445 |      33 |   6.9 |      62 |       1 |   1.6
            +---------+---------+-------+---------+---------+-------
        D:1 |      35 |       0 |   0.0 |      19 |       0 |   0.0
        D:2 |      76 |       0 |   0.0 |      21 |       0 |   0.0
        D:3 |     334 |      33 |   9.0 |      22 |       1 |   4.3
            +---------+---------+-------+---------+---------+-------
